AoeStats
← RavanelliORuín

Nomad

506508917Analyzed
2v2 RM · 19d ago on Sep 13, 2026· 46m 21s· 4 players
Game mode
Random Map
Map size
176×176
Population
200
Speed
Normal
Resources
Standard
Victory
Conquest
Starting age
Dark Age
Ending age
Imperial Age
RankedLock teamsTeams togetherTeam positionsShared explorationLock speedFull tech treeHidden civsTurbo modeCheats
Victory
Defeat
🇨🇴 Mongols · Colombia
771
+9
🇨🇴 Portuguese · Colombia
705
+12
🇪🇸 Huns · Spain
620
-11
🇪🇸 Franks · Spain
606
-10
CHARGER RT440
15:14 Feudal Age
21:02 Man-at-Arms
31:24 Castle Age
29:11 Town Watch
30:22 Forging
35:02 Padded Archer Armor
42:22 Fletching
RavanelliORuín
14:39 Feudal Age
15:55 Wheelbarrow
15:37 Double-Bit Axe
18:08 Town Watch
19:38 Horse Collar
23:02 Castle Age
25:02 Hand Cart
24:12 Pikeman
25:00 Squires
25:12 Forging
25:58 Scale Mail Armor
27:30 Bow Saw
27:23 Heavy Plow
29:57 Chain Mail Armor
33:42 Padded Archer Armor
33:33 Fletching
34:56 Bodkin Arrow
38:06 Leather Archer Armor
39:22 Scale Barding Armor
42:42 Imperial Age
40:48 Chain Barding Armor
43:56 Parthian Tactics
44:49 Plate Barding Armor
Stygia4310
11:55 Loom
14:35 Feudal Age
15:32 Double-Bit Axe
21:40 Castle Age
20:06 Stone Mining
21:07 Gold Mining
21:30 Fletching
23:25 Bow Saw
24:52 Bodkin Arrow
25:40 Padded Archer Armor
33:37 Bloodlines
33:30 Husbandry
34:26 Wheelbarrow
39:10 Imperial Age
37:24 Ballistics
39:54 Leather Archer Armor
39:43 Elite Mangudai
42:01 Chemistry
45:27 Drill
46:31 Bracer
46:37 Scale Barding Armor
Rawdann
6:34 Loom
14:08 Feudal Age
15:55 Double-Bit Axe
18:57 Wheelbarrow
18:10 Fishing Lines
29:36 Castle Age
29:19 Horse Collar
31:38 Gold Mining
31:39 Stone Mining
32:05 Bow Saw
31:49 Gillnets
34:00 Light Cavalry
34:42 Husbandry
38:35 Stone Shaft Mining
38:02 Heavy Plow
40:31 Bloodlines
40:37 Scale Mail Armor
Connection lost

Rejoining the realm…

Still unreachable

The connection could not be restored.

Session expired

The server has moved on; the page needs a fresh start.